 Dungeon Crawl Stone Soup version 0.20-a0-949-g916514f (webtiles) character file.

25690 Rrauwl the Fighter (level 12, -5/113 HPs)
             Began as a Grey Draconian Berserker on Apr 3, 2017.
             Was a High Priest of Trog.
             Splashed by an oklob plant's acid (7 damage)
             ... on level 4 of the Lair of Beasts on Apr 4, 2017.
             The game lasted 00:57:15 (11810 turns).

Rrauwl the Fighter (Grey Draconian Berserker)      Turns: 11810, Time: 00:57:16

Health: -5/113     AC: 14    Str: 24    XL:     12   Next: 91%
Magic:  16/16      EV: 17    Int:  9    God:    Trog [*****.]
Gold:   965        SH:  0    Dex: 10    Spells: 11/11 levels left

rFire    + + .     SeeInvis .   b - +6 longbow
rCold    + . .     Gourm    .   (shield currently unavailable)
rNeg     . . .     Faith    .   (armour unavailable)
rPois    .         Spirit   .   o - +2 hat of Philately {Regen+ Slay+3}
rElec    +         Reflect  .   j - scarf {rC+ rF+}
rCorr    .         Harm     .   (no gloves)
MR       +....                  l - +0 pair of boots
Stlth    +.........             (no amulet)
Regen    0.7/turn               n - ring of protection from fire
MPRegen  0.2/turn               J - +6 ring of protection

@: corroded
A: walk through water, unfitting armour, claws 1, horns 1, magic resistance 1,
electricity resistance, unbreathing, cold-blooded, AC +13
a: Berserk, Trog's Hand, Brothers in Arms, Burn Spellbooks, Renounce Religion


You were on level 4 of the Lair of Beasts.
You worshipped Trog.
Trog was extremely pleased with you.
You were not hungry.

You visited 2 branches of the dungeon, and saw 14 of its levels.
You also visited: Sewer.

You collected 965 gold pieces.

Inventory:

Hand Weapons
 a - the +12 glaive of Prune {chop}
   (You found it on level 5 of the Dungeon)

   It inflicts extra damage upon your enemies.
 b - a +6 longbow (weapon)
 c - the +9 morningstar of Recklessness {flame, Str+4}
   (Trog gifted it to you on level 10 of the Dungeon)

   It has been specially enchanted to burn those struck by it, causing extra
   injury to most foes and up to half again as much damage against particularly
   susceptible opponents.
   It affects your strength (+4).
Missiles
 y - 371 arrows (quivered)
Armour
 j - a scarf of resistance (worn)
 l - a +0 pair of boots (worn)
 o - the +2 hat of Philately (worn) {Regen+ Slay+3}
   (You found it on level 6 of the Dungeon)

   It affects your accuracy and damage with ranged weapons and melee attacks
   (+3).
   It increases your rate of regeneration.
Jewellery
 m - an uncursed ring of protection from cold
 n - a ring of protection from fire (left claw)
 p - an uncursed ring of protection from cold
 J - a +6 ring of protection (right claw)
Wands
 e - a wand of lightning (13/15)
 i - a wand of flame (12/48)
 r - a wand of polymorph (9/24)
 u - a wand of confusion (18/48)
 v - a wand of iceblast (6/15)
 D - a wand of paralysis (11/24)
Scrolls
 g - 4 scrolls of remove curse
 q - 5 scrolls of blinking
 t - a scroll of fear
 w - 2 scrolls of identify
 z - a scroll of torment
 A - 5 scrolls of recharging
 T - 3 scrolls of teleportation
Potions
 d - 4 potions of heal wounds
 h - 6 potions of flight
 B - 3 potions of haste
 E - a potion of invisibility
 G - a potion of brilliance
 I - 3 potions of might
 M - 2 potions of curing
Miscellaneous
 s - a lightning rod (4/4)
 Q - a lamp of fire
Comestibles
 f - 6 royal jellies
 k - 3 meat rations
 x - 3 fruits
 C - 2 bread rations
 F - 5 chunks of flesh


   Skills:
 + Level 12.4 Fighting
 - Level 6.2 Maces & Flails
 + Level 9.6 Polearms
 + Level 8.3 Bows
 + Level 10.6 Dodging
 - Level 6.0 Evocations


You had 11 spell levels left.
You didn't know any spells.

Dungeon Overview and Level Annotations

Branches:
Dungeon (10/15)            Temple (0/1) D:6            Lair (4/6) D:10
 Shoals (0/4) Lair:4       Spider (0/4) Lair:4          Orc (0/2) D:10

Altars:
Elyvilon
Kikubaaqudgha
Makhleb
Nemelex Xobeh
Uskayaw
The Shining One

Shops:
D:6 =[[

Annotations:
Lair:4 exclusion: 4 oklob plants


Innate Abilities, Weirdness & Mutations

You can walk through water.
Your dull iron-grey scales are very hard. (AC +13)
You cannot fit into any form of body armour.
You can survive without breathing.
You are cold-blooded and may be slowed by cold attacks.
You have sharp fingernails.
You have a pair of small horns on your head.
You are resistant to hostile enchantments. (MR+)
You are resistant to electric shocks. (rElec)


Message History

Press: ? - help, Shift-Dir - straight line, f/p - oklob plant
Aim: an oklob plant (severely damaged)
You shoot an arrow. The arrow hits the oklob plant.
The oklob plant is severely damaged.
The oklob plant spits acid at you. The splash of acid hits you!
You are splashed with acid!
The acid burns!
The oklob plant spits acid at you. The splash of acid hits you!
The acid corrodes you!
You are splashed with acid!
The acid burns!
* * * LOW HITPOINT WARNING * * *
The oklob plant spits acid at you. The splash of acid hits you!
* * * LOW HITPOINT WARNING * * *
The acid corrodes you!
You are splashed with acid!
The acid burns!
* * * LOW HITPOINT WARNING * * *
The oklob plant spits acid at you. The splash of acid hits you!
* * * LOW HITPOINT WARNING * * *
You are splashed with acid!
The acid burns!
You die...

###### ?%(..# P$..P# #####
###########.[%..####### ##
.##.###.#.#.#P..#PP.?.##.#..####.
................#[....#..........
................#.PPPP#..#....##.
..##.##+#......#@........#....#.#
..####P.##P...................'..
..#####.##..............#......#.
..##......+....##..............#.
..P##...#......##.......#.....##.
..##.....................#....##.
...######...####...#....##....###
....####^....#^#####....##....###
...##.#.#...#^#.#................


You could see 4 oklob plants.

Vanquished Creatures
  3 hydras
  Erica (D:8)
  3 two-headed ogres
  3 death yaks (Lair:3)
  2 deep elf magi (D:10)
  The ghost of Steforg the Changer, a novice DsTm of Ashenzari (D:7)
  An oklob plant (Lair:3)
  A merfolk siren (Lair:4)
  A black mamba (Lair:2)
  5 spiny frogs
  A rime drake (Lair:4)
  6 komodo dragons
  3 trolls
  A polar bear (Lair:2)
  Prince Ribbit (D:5)
  3 jumping spiders (Lair:4)
  4 hippogriffs
  2 redbacks (Lair:4)
  2 wyverns
  16 yaks
  2 basilisks
  A hungry ghost (D:10)
  A wraith (D:10)
  The ghost of Rrauwl the Slasher, an amateur BaWr (D:3)
  6 water moccasins
  8 porcupines
  A swamp drake (D:10)
  Purgy (D:3)
  A black bear (Lair:1)
  3 phantoms
  4 ice beasts
  11 wolves
  2 ogres (D:7)
  3 sky beasts
  14 centaurs
  3 crocodiles
  A big kobold (D:8)
  10 bullfrogs
  A wyvern skeleton (D:6)
  A water moccasin skeleton (D:7)
  3 scorpions
  4 electric eels (Lair:1)
  9 wights
  3 howler monkeys (D:9)
  4 crimson imps
  A bullfrog zombie (D:9)
  7 hounds
  A jelly (D:7)
  4 orc wizards
  5 orc priests
  A bullfrog skeleton (D:7)
  An iron imp (D:10)
  2 iguanas
  7 worker ants
  A worker ant zombie (D:8)
  10 adders
  A howler monkey skeleton (D:8)
  5 shadow imps
  A white imp (D:10)
  2 oozes (D:4)
  2 adder zombies
  4 worms
  2 dart slugs
  11 leopard geckos
  38 orcs
  10 giant cockroaches
  6 goblins
  8 hobgoblins
  7 jackals
  5 quokkas
  A ball python (Sewer)
  9 bats
  10 frilled lizards
  A jackal skeleton (D:8)
  7 kobolds
  A leopard gecko skeleton (D:5)
  7 rats
  3 plants
339 creatures vanquished.

Vanquished Creatures (others)
  A leopard gecko (D:10)
1 creature vanquished.

Grand Total: 340 creatures vanquished

Notes
Turn   | Place    | Note
-------+----------+-------------------------------------------
     0 | D:1      | Rrauwl the Draconian Berserker began the quest for the Orb.
     0 | D:1      | Reached XP level 1. HP: 19/19 MP: 1/1
   119 | D:1      | Reached XP level 2. HP: 23/26 MP: 2/2
   680 | D:2      | Reached XP level 3. HP: 28/33 MP: 3/3
   750 | D:2      | Found a hide-covered altar of Uskayaw.
   781 | D:2      | Reached ** piety under Trog
   900 | D:2      | Found a glowing golden altar of the Shining One.
   900 | D:2      | Found an ancient bone altar of Kikubaaqudgha.
   909 | D:2      | Reached skill level 4 in Fighting
  1198 | D:2      | Found a white marble altar of Elyvilon.
  1398 | D:2      | Reached XP level 4. HP: 40/40 MP: 4/4
  1629 | D:3      | Noticed Rrauwl's ghost (amateur BaWr)
  1634 | D:3      | Reached XP level 5. HP: 22/47 MP: 5/5
  1668 | D:3      | Killed Rrauwl's ghost
  1668 | D:3      | Reached skill level 5 in Fighting
  1668 | D:3      | Reached XP level 6. HP: 56/56 MP: 6/6
  2083 | D:3      | Noticed Purgy
  2092 | D:3      | Killed Purgy
  2386 | D:3      | Reached skill level 1 in Evocations
  2392 | D:3      | Reached *** piety under Trog
  2743 | D:4      | Reached skill level 5 in Maces & Flails
  2743 | D:4      | Your scales start taking on a dull iron-grey colour.
  2743 | D:4      | Reached XP level 7. HP: 50/62 MP: 6/8
  2743 | D:4      | Gained mutation: You can survive without breathing. [Grey Draconian growth]
  3281 | D:5      | Entered Level 5 of the Dungeon
  3383 | D:5      | Noticed a two-headed ogre
  3393 | D:5      | Killed a two-headed ogre
  3393 | D:5      | Reached skill level 6 in Fighting
  3393 | D:5      | Reached skill level 5 in Dodging
  3393 | D:5      | Reached XP level 8. HP: 71/71 MP: 8/10
  3605 | D:5      | Reached skill level 7 in Fighting
  3878 | D:5      | Noticed Prince Ribbit
  3891 | D:5      | Killed Prince Ribbit
  3891 | D:5      | Reached skill level 1 in Polearms
  3971 | D:6      | Found a staircase to the Ecumenical Temple.
  3977 | D:6      | Got a brightly glowing hat
  3983 | D:6      | Identified the +2 hat of Philately {Regen+ Slay+3} (You found it on level 6 of the Dungeon)
  4019 | D:6      | Found Vuast's Jewellery Shoppe.
  4157 | D:6      | Found Perhoz's Antique Armour Shoppe.
  4175 | D:6      | Reached XP level 9. HP: 80/80 MP: 12/12
  4190 | D:6      | Reached **** piety under Trog
  4239 | D:6      | Found Jodd's Antique Armour Shop.
  4416 | D:6      | Found a glowing drain.
  4441 | Sewer    | Entered a sewer
  4529 | Sewer    | Reached skill level 1 in Bows
  4826 | D:7      | Noticed Steforg's ghost (novice DsTm)
  4835 | D:7      | Killed Steforg's ghost
  4835 | D:7      | Reached skill level 8 in Fighting
  4925 | D:7      | Received a gift from Trog
  5799 | D:8      | Reached skill level 9 in Fighting
  5935 | D:8      | Reached XP level 10. HP: 86/91 MP: 13/13
  5958 | D:8      | Reached skill level 5 in Polearms
  6078 | D:8      | Received a gift from Trog
  6205 | D:8      | Noticed Erica
  6213 | D:8      | Killed Erica
  6285 | D:8      | Found a sparkling altar of Nemelex Xobeh.
  6483 | D:9      | Noticed a two-headed ogre
  6486 | D:9      | Noticed a two-headed ogre
  6490 | D:9      | Killed a two-headed ogre
  6495 | D:9      | Killed a two-headed ogre
  6495 | D:9      | Reached skill level 10 in Fighting
  6544 | D:9      | Reached skill level 5 in Bows
  6552 | D:9      | Reached ***** piety under Trog
  6809 | D:9      | Reached XP level 11. HP: 100/100 MP: 14/14
  7059 | D:10     | Entered Level 10 of the Dungeon
  7072 | D:10     | Found a staircase to the Lair.
  7387 | D:10     | Noticed a deep elf mage
  7391 | D:10     | Killed a deep elf mage
  7400 | D:10     | Noticed a deep elf mage
  7405 | D:10     | Killed a deep elf mage
  7543 | D:10     | Received a gift from Trog
  7546 | D:10     | Got a twisted morningstar {god gift}
  7547 | D:10     | Identified the +9 morningstar of Recklessness {flame, Str+4} (Trog gifted it to you on level 10 of the Dungeon)
  7608 | D:10     | Found a staircase to the Orcish Mines.
  7854 | Lair:1   | Entered Level 1 of the Lair of Beasts
  7946 | Lair:1   | Upgraded the game from 0.20-a0-947-g2784f4f to 0.20-a0-949-g916514f
  8023 | Lair:1   | Reached skill level 11 in Fighting
  8615 | Lair:1   | Noticed a six-headed hydra
  8622 | Lair:1   | Killed a six-headed hydra
  8898 | Lair:2   | Noticed an eight-headed hydra
  8907 | Lair:2   | Killed an eight-headed hydra
  9453 | Lair:2   | Reached XP level 12. HP: 98/110 MP: 15/15
  9506 | Lair:2   | Gained mutation: You have sharp fingernails. [potion of mutation]
  9506 | Lair:2   | Gained mutation: You are resistant to hostile enchantments. (MR+) [potion of mutation]
  9506 | Lair:2   | Gained mutation: You have a pair of small horns on your head. [potion of mutation]
  9506 | Lair:2   | Gained mutation: You are resistant to electric shocks. (rElec) [potion of mutation]
  9729 | Lair:2   | Found a burning altar of Makhleb.
 10088 | Lair:3   | Noticed a six-headed hydra
 10094 | Lair:3   | Killed a six-headed hydra
 10155 | Lair:3   | Reached skill level 10 in Dodging
 10155 | Lair:3   | Reached skill level 5 in Evocations
 10490 | Lair:3   | Noticed a death yak
 10505 | Lair:3   | Noticed a death yak
 10505 | Lair:3   | Killed a death yak
 10512 | Lair:3   | Killed a death yak
 10512 | Lair:3   | Reached skill level 12 in Fighting
 10513 | Lair:3   | Noticed a death yak
 10519 | Lair:3   | Killed a death yak
 11181 | Lair:4   | Found a hole to the Spider Nest.
 11394 | Lair:4   | Received a gift from Trog
 11472 | Lair:4   | Found a staircase to the Shoals.
 11810 | Lair:4   | HP: 2/113 [oklob plant/splash of acid (14)]
 11810 | Lair:4   | Splashed by an oklob plant's acid

Vault maps used:
D:1:      dpeg_arrival_concentric_ovals, minmay_misc_feat_plants
D:2:      gammafunk_temple_overflow_pools, lemuel_coloured_pillars_altar,
          elyvilon_altar_1
D:3:      first_bread, uniq_purgy
D:5:      uniq_prince_ribbit1
D:6:      minmay_temple_entry_statues_fountains, gup_sewer_entry_pipe,
          serial_shops, kennysheep_little_box, shop, shop_fountains
D:7:      kb_forest_paths, grunt_ogre_cave
D:8:      nicolae_overflow_hidden_temple, uniq_erica
D:10:     lair_entry_dummy, orc_0_dummy, hangedman_minor_magic
Lair:1:   serial_bayou_lake_a, grunt_megastairs_3, lemuel_fruit_fields,
          lemuel_fruit_tree
Lair:2:   lemuel_centaur_altar, serial_bayou_shore_a
Lair:3:   minmay_lair_oklob_items, serial_bayou_shore_b, grunt_megastairs_1
Lair:4:   minmay_shoals_entry_centaurs, nicolae_spider_entry_tight_spaces,
          minmay_lair_oklob_chamber
Sewer:    sewer_co_purgy_island

Skill      XL: |  1  2  3  4  5  6  7  8  9 10 11 12 |
---------------+-------------------------------------+-----
Dodging        | 3 4 5 6 7 8 9 10 | 10.6
Fighting       | 4 5 6 7 9 10 11 12 | 12.4
Maces & Flails | 4 5 6 |  6.2
Evocations     | 1 3 4 6 |  6.0
Polearms       | 2 4 6 8 9 |  9.6
Bows           | 3 5 7 8 |  8.3

Action                   |  1- 3 |  4- 6 |  7- 9 | 10-12 || total
-------------------------+-------+-------+-------+-------++-------
Melee: Mace              |   109 |    39 |       |       ||   148
       Tailslap          |    11 |    18 |    15 |    30 ||    74
       Flail             |       |    90 |    64 |       ||   154
       Glaive            |       |       |    95 |   296 ||   391
       Morningstar       |       |       |       |     8 ||     8
       Headbutt          |       |       |       |    20 ||    20
 Fire: Shortbow          |       |       |    47 |   130 ||   177
       Longbow           |       |       |       |    29 ||    29
Invok: Berserk           |     3 |     5 |     5 |     4 ||    17
       Trog's Hand       |       |     1 |       |     1 ||     2
  Use: Scroll            |       |    10 |     9 |     5 ||    24
       Potion            |       |     8 |     4 |     4 ||    16
 Stab: Sleeping          |       |     2 |     6 |     2 ||    10
  Eat: Chunk             |     4 |     9 |    13 |    22 ||    48
       Fruit             |     1 |       |       |     3 ||     4
       Royal jelly       |       |       |     1 |       ||     1
Armor: Skin              |    46 |    51 |    48 |   152 ||   297
Dodge: Dodged            |    77 |    95 |   107 |   261 ||   540
